Map: Ulrena

Players

capac - Winner!

  • Race: Terran Terran
  • League: Gold

A.I. 1 (Elite)

  • Race: Zerg Zerg

VOD

Have the link to the VOD?

Description

Time

  • Played on: Feb. 26, 2016, 2:26 p.m.
  • Length: 9:49
Show
View Real Time Build Order
Export as new Build Order

capac Terran - Winner!

Build Orders: MMM Bio 

Get SALT Encoding   

  12  0:00  SCV  
  13  0:16  SCV  
  14  0:23  Supply Depot  
  14  0:28  SCV  
  15  0:45  SCV  
  15  0:48  Barracks  
  15  0:49  Refinery  
  16  0:57  SCV  
  17  1:09  SCV  
  18  1:21  SCV  
  19  1:33  SCV  
  19  1:38  Barracks Reactor  
  20  1:41  Command Center  
  20  1:55  Supply Depot  
  20  1:57  Orbital Command  
  20  2:15  Marine x2  
  20  2:18  Barracks  
  22  2:28  Bunker  
  22  2:33  Marine x2  
  24  2:37  SCV  
  24  2:40  Refinery  
  25  2:51  Marine x2  
  27  3:04  Orbital Command, SCV  
  28  3:10  Barracks Tech Lab  
  28  3:13  Factory  
  28  3:18  SCV  
  29  3:30  Marine x2, SCV  
  29  3:31  Marine  
  29  3:32  Stimpack  
  33  3:41  SCV  
  34  3:45  SCV  
  35  3:51  Marine x3  
  38  4:00  SCV x2  
  38  4:01  Supply Depot  
  40  4:04  Starport, Factory Reactor  
  40  4:08  Marine  
  40  4:09  Marine x2  
  43  4:12  SCV x2  
  45  4:24  SCV  
  45  4:28  SCV  
  47  4:33  Marine x3  
  50  4:40  SCV  
  50  4:41  SCV  
  52  4:46  Engineering Bay  
  52  4:51  Marine x2  
  54  4:55  Barracks  
  54  4:56  Barracks  
  54  5:00  Supply Depot  
  54  5:03  SCV x2  
  54  5:06  Marine  
  57  5:08  Medivac  
  57  5:09  Medivac  
  57  5:13  Marine  
  62  5:19  Refinery  
  62  5:21  Marine, SCV  
  62  5:22  SCV  
  65  5:32  Terran Infantry Weapons Level 1  
  65  5:33  Combat Shields  
  65  5:37  Supply Depot  
  65  5:39  Supply Depot  
  65  5:40  Marine x3  
  68  5:43  Factory Tech Lab  
  68  5:52  Barracks Reactor  
  68  5:53  Barracks Reactor  
  68  5:56  Barracks  
  63  6:28  Marine x2  
  63  6:29  Marine  
  63  6:30  Marine  
  63  6:31  Marine x3  
  70  6:33  SCV x2  
  72  6:46  Marine x3  
  69  6:51  Marine x5  
  69  6:53  Medivac  
  69  6:54  Medivac  
  69  6:59  Siege Tank  
  69  7:01  SCV x2  
  74  7:02  Starport  
  74  7:04  Marine x2  
  76  7:10  Marine x4  
  76  7:11  Marine  
  76  7:13  Barracks Reactor, SCV x2  
  83  7:20  Supply Depot  
  83  7:23  Engineering Bay  
  83  7:26  Armory  
  83  7:28  Medivac  
  85  7:37  Medivac  
  87  7:41  Terran Infantry Armor Level 1  
  87  7:43  Supply Depot, Starport Reactor  
  87  7:51  Marine x3  
  87  7:52  Marine x4  
  94  8:23  Supply Depot x2, Marine x2  
  94  8:24  Marine x5  
  93  8:48  Marine  
  93  8:49  Marine x6  
  93  8:51  Medivac x4  
  93  8:52  Supply Depot  
  93  8:54  Supply Depot  
Show
View Real Time Build Order
Export as new Build Order

A.I. 1 (Elite) Zerg 

Build Orders: Pool First 

Get SALT Encoding   

  12  0:00  Drone  
  13  0:08  Drone  
  14  0:17  Overlord  
  14  0:35  Spawning Pool  
  13  0:36  Drone  
  13  0:40  Extractor  
  13  0:43  Drone  
  13  0:47  Drone  
  15  1:22  Queen  
  15  1:23  Zergling x6  
  20  1:53  Hatchery  
  19  1:59  Drone  
  20  2:05  Zergling x2  
  21  2:13  Zergling x2  
  22  2:22  Overlord  
  22  2:41  Drone x3  
  22  2:42  Drone  
  26  2:58  Roach Warren  
  25  3:00  Drone  
  24  3:18  Overlord  
  24  3:38  Roach x2  
  24  3:39  Roach  
  24  3:40  Roach  
  32  3:47  Lair  
  32  4:01  Drone  
  33  4:04  Drone  
  33  4:07  Drone  
  35  4:11  Drone  
  36  4:17  Overlord  
  36  4:21  Drone  
  36  4:23  Drone  
  38  4:26  Drone  
  38  4:29  Drone  
  40  4:32  Drone  
  40  4:35  Drone  
  40  4:37  Drone  
  43  4:39  Drone  
  43  4:44  Overlord  
  44  4:47  Hydralisk Den, Drone  
  44  4:49  Drone  
  44  4:51  Drone  
  46  4:54  Drone  
  46  4:58  Drone  
  48  5:05  Drone  
  49  5:07  Overlord  
  49  5:08  Roach, Drone  
  49  5:09  Drone  
  53  5:16  Drone  
  53  5:20  Drone  
  55  5:27  Extractor, Drone  
  55  5:29  Extractor  
  55  5:31  Ravager, Drone  
  55  5:32  Ravager  
  55  5:33  Evolution Chamber  
  56  5:36  Extractor  
  56  5:38  Roach  
  56  5:39  Hatchery, Hydralisk  
  58  5:44  Hydralisk  
  58  5:49  Overlord, Drone  
  61  5:54  Drone  
  61  5:56  Drone  
  63  5:59  Zerg Ground Armor Level 1  
  63  6:00  Hydralisk  
  63  6:02  Hydralisk  
  66  6:11  Roach, Drone x2  
  66  6:12  Drone  
  66  6:18  Zergling x2  
  55  6:22  Hydralisk  
  50  6:28  Drone  
  36  6:43  Queen  
  36  6:49  Zergling x2  
  36  6:53  Zergling x2  
  36  7:00  Roach  
  38  7:02  Drone  
  38  7:06  Drone  
  40  7:11  Drone  
  40  7:13  Drone  
  42  7:19  Roach  
  44  7:26  Hydralisk  
  46  7:33  Hydralisk  
  48  7:38  Hydralisk  
  48  7:41  Drone  
  51  7:45  Drone  
  51  7:50  Overlord  
  52  7:53  Drone  
  52  7:56  Drone  
  54  7:59  Drone  
  54  8:02  Drone  
  54  8:05  Drone  
  57  8:08  Drone  
  57  8:10  Drone  
  59  8:15  Overlord  
  59  8:19  Drone  
  60  8:20  Drone  
  60  8:24  Drone  
  60  8:26  Drone  
  63  8:29  Drone  
  63  8:31  Drone  
  63  8:33  Drone  
  66  8:38  Overlord  
  66  8:41  Zergling x2  
  57  8:44  Zergling x2  
  57  8:48  Roach  
  44  8:51  Roach  
  38  9:14  Overlord  
  38  9:15  Spawning Pool  
  26  9:36  Hatchery  
Tags
 
Composition
MMM Bio
League
Gold
Matchup
TvZ
Opening
Pool First
Add a new tag
Caveats
  • Supply blocks, unpowered buildings, or Contaminate may cause inaccurate times.
  • Supply counts are checked every 10 seconds.